 Dungeon Crawl Stone Soup version 0.21-a0-442-g848f44b (webtiles) character file.

367 4thArraOfDagon the Firebug (level 6, -7/32 HPs)
             Began as a Tengu Fire Elementalist on Nov 15, 2017.
             Was a Follower of Vehumet.
             Mangled by a two-headed ogre
             ... wielding a +0 giant spiked club
              (11 damage)
             ... on level 6 of the Dungeon.
             The game lasted 00:11:34 (1972 turns).

4thArraOfDagon the Firebug (TeFE)                   Turns: 1972, Time: 00:11:34

Health: -7/32      AC:  4    Str:  8    XL:     6   Next: 69%
Magic:  11/11      EV: 12    Int: 18    God:    Vehumet [*.....]
Gold:   256        SH:  0    Dex: 12    Spells: 3/11 levels left

rFire    + . .     SeeInvis .   h - +0 short sword
rCold    . . .     Gourm    .   (no shield)
rNeg     . . .     Faith    .   a - +1 robe
rPois    +         Spirit   .   (helmet restricted)
rElec    .         Reflect  .   (no cloak)
rCorr    .         Harm     .   (no gloves)
MR       .....                  (boots unavailable)
Stlth    ..........             (no amulet)
HPRegen  0.10/turn              n - ring of loudness (curse)
MPRegen  0.12/turn              o - ring of protection from fire

@: confused
A: beak, talons 3, blurry vision 1, clumsy 1, poison resistance, shaggy fur 1,
able to fly 1
a: Fly, Renounce Religion


You were on level 6 of the Dungeon.
You worshipped Vehumet.
Vehumet was aware of your devotion.
You were not hungry.

You visited 2 branches of the dungeon, and saw 7 of its levels.

You collected 256 gold pieces.

Inventory:

Hand Weapons
 h - a +0 short sword (weapon)
Armour
 a - a +1 robe (worn)
Jewellery
 n - a cursed ring of loudness (left hand)
 o - a ring of protection from fire (right hand)
Wands
 s - a wand of polymorph (13/24)
Scrolls
 d - 4 scrolls of remove curse
 j - 2 scrolls of enchant weapon {unknown}
 k - 2 scrolls of enchant armour
 m - a scroll of recharging {unknown}
 q - 2 scrolls of teleportation {unknown}
 r - a scroll of fog {unknown}
 u - a scroll of blinking {unknown}
Potions
 e - a potion of brilliance
 g - a potion of invisibility {unknown}
 i - 5 potions of curing {unknown}
Books
 b - a book of Flames

   Spells                             Type                      Level
   a - Flame Tongue                   Conjuration/Fire             1
   b - Throw Flame                    Conjuration/Fire             2
   c - Conjure Flame                  Conjuration/Fire             3
   d - Inner Flame                    Hexes/Fire                   3
   e - Sticky Flame                   Conjuration/Fire             4
   f - Fireball                       Conjuration/Fire             5
Comestibles
 c - 3 bread rations
 l - a meat ration


   Skills:
 - Level 2.1 Dodging
 - Level 2.0 Stealth
 + Level 3.2 Spellcasting
 * Level 5.5 Conjurations
 * Level 5.6 Fire Magic


You had 3 spell levels left.
You knew the following spells:

 Your Spells              Type           Power        Failure   Level  Hunger
a - Flame Tongue          Conj/Fire      ###..        1%          1    None
b - Conjure Flame         Conj/Fire      ###.....     4%          3    ###....
c - Sticky Flame          Conj/Fire      ###.....     16%         4    ####...


Dungeon Overview and Level Annotations

Branches:
Dungeon (6/15)             Temple (1/1) D:5

Altars:
Ashenzari
Cheibriados
Dithmenos
Fedhas
Gozag
Kikubaaqudgha
Nemelex Xobeh
Trog
Uskayaw
Vehumet
Wu Jian
Xom
Yredelemnul

Shops:
D:6 *

Annotations:
D:4 2 transporters


Innate Abilities, Weirdness & Mutations

You have a beak for a mouth.
You have claws for feet.
You can fly.
Scrolls take you a little longer to read.
You are clumsy. (Dex -2)
Your system is resistant to poisons. (rPois)
You are covered in fur. (AC +1)


Message History

Aim: a two-headed ogre, wielding two giant spiked clubs (heavily wounded, chance to defeat MR: 28%)
The two-headed ogre easily resists.
This wand has 13 charges left.
Okay, then.
You are confused.
You feel invigorated.
You are engulfed in blazing flames.
You resist.
The two-headed ogre hits you but does no damage.
The two-headed ogre closely misses you.
There is an open door here.
You're too confused to move!
You are engulfed in blazing flames.
You resist.
Unknown command.
The two-headed ogre hits you with a giant spiked club!
The two-headed ogre hits you with a giant spiked club.
Unknown command.
Unknown command.
The two-headed ogre hits you with a giant spiked club!
Ouch! That really hurt!
* * * LOW HITPOINT WARNING * * *
The two-headed ogre hits you with a giant spiked club!
You die...

##.......## #.........#
#.........# #.........#
<..... #########.......##
.O... #.....<##.......##
#8... #.......#........#
#.... #...)..O'........#
#.[.. #.....@.#........#
#∩... #......##.......##
#....##......##.......##
#.............#........#
#8............+........#
#....##.......#........#
#.... #.......#........#
..............##.......##
...............##########


You could see a two-headed ogre.

Vanquished Creatures
  An orc warrior (D:5)
  An ogre (D:5)
  An iguana (D:4)
  Natasha (D:4)
  A hound skeleton (D:5)
  5 adders
  2 dart slugs (D:2)
  2 leopard geckos (D:2)
  11 orcs
  3 bats
  4 giant cockroaches
  4 goblins
  10 hobgoblins
  3 jackals (D:4)
  3 kobolds
  3 quokkas
  2 frilled lizards (D:1)
  7 rats
64 creatures vanquished.

Notes
Turn   | Place    | Note
-------+----------+-------------------------------------------
     0 | D:1      | 4thArraOfDagon the Tengu Fire Elementalist began the quest for the Orb.
     0 | D:1      | Reached XP level 1. HP: 10/10 MP: 4/4
    11 | D:1      | You fall through a shaft!
    64 | D:2      | Reached XP level 2. HP: 14/15 MP: 0/6
   135 | D:3      | Reached XP level 3. HP: 18/19 MP: 0/7
   143 | D:3      | Learned a level 3 spell: Conjure Flame
   191 | D:5      | Entered Level 5 of the Dungeon
   207 | D:5      | Found a staircase to the Ecumenical Temple.
   219 | Temple   | Entered the Ecumenical Temple
   234 | Temple   | Became a worshipper of Vehumet
   258 | D:5      | Found a bloodstained altar of Trog.
   273 | D:4      | Noticed a deep elf mage
   274 | D:4      | Found a hide-covered altar of Uskayaw.
   279 | D:4      | Found a transporter.
   347 | D:4      | Noticed a centaur
   349 | D:4      | Found a transporter.
   682 | D:1      | Reached XP level 4. HP: 13/24 MP: 5/8
   826 | D:2      | Reached * piety under Vehumet
   826 | D:2      | Offered knowledge of Magic Dart by Vehumet.
   985 | D:2      | Learned a level 4 spell: Sticky Flame
  1089 | D:2      | p0werm0de: https://www.youtube.com/watch?v=eGkPf-nmFeQ
  1115 | D:2      | p0werm0de: :>
  1127 | D:2      | p0werm0de: tengU
  1175 | D:3      | p0werm0de: !hs * tefe
  1184 | D:3      | beem: 16066. 4thArraOfDagon the Ninja (L27 TeFE of Vehumet), escaped with the Orb and 15 runes on 2013-05-13 20:31:12, with 33200804 points after 44286 turns and 13:01:02.
  1189 | D:3      | p0werm0de: oO
  1201 | D:3      | p0werm0de: !hs * tear
  1205 | D:3      | beem: 4226. eld the Slayer (L27 TeAr of Ashenzari), escaped with the Orb and 15 runes on 2017-02-15 04:45:57, with 28659667 points after 51824 turns and 11:08:29.
  1206 | D:3      | Found a sparkling altar of Nemelex Xobeh.
  1211 | D:3      | p0werm0de: try this m0n !
  1215 | D:3      | p0werm0de: ;D
  1262 | D:4      | p0werm0de: do you even know this page?
  1271 | D:4      | Gained mutation: Your muscles are strong. (Str +2) [potion of mutation]
  1271 | D:4      | Gained mutation: Your skin changes colour to match your surroundings (Stealth+). [potion of mutation]
  1309 | D:4      | p0werm0de: http://crawl.akrasiac.org/scoring/top-combo-scores.html
  1368 | D:4      | Gained mutation: You can fly. [Tengu growth]
  1368 | D:4      | Reached XP level 5. HP: 5/28 MP: 3/10
  1377 | D:4      | p0werm0de: ich h#ng den ganzen tag nur ab und rauch --- gangsta-crack!!
  1419 | D:4      | Noticed Natasha
  1426 | D:4      | Killed Natasha
  1445 | D:4      | Lost mutation: Your muscles are strong. (Str +2) [potion of mutation]
  1445 | D:4      | Lost mutation: Your skin changes colour to match your surroundings (Stealth+). [potion of mutation]
  1445 | D:4      | Gained mutation: You can translocate small distances at will. [potion of mutation]
  1445 | D:4      | Gained mutation: You are dopey. (Int -2) [potion of mutation]
  1445 | D:4      | Gained mutation: You are partially covered in thin metallic scales. (AC +2) [potion of mutation]
  1446 | D:4      | Lost mutation: You are dopey. (Int -2) [potion of mutation]
  1446 | D:4      | Lost mutation: You are partially covered in thin metallic scales. (AC +2) [potion of mutation]
  1446 | D:4      | Lost mutation: You can translocate small distances at will. [potion of mutation]
  1446 | D:4      | Gained mutation: You are frail. (-10% HP) [potion of mutation]
  1446 | D:4      | Gained mutation: You evolve. [potion of mutation]
  1447 | D:4      | Lost mutation: You are frail. (-10% HP) [potion of mutation]
  1447 | D:4      | Lost mutation: You evolve. [potion of mutation]
  1447 | D:4      | Gained mutation: You are covered in fur. (AC +1) [potion of mutation]
  1447 | D:4      | Gained mutation: You are clumsy. (Dex -2) [potion of mutation]
  1447 | D:4      | Gained mutation: Scrolls take you a little longer to read. [potion of mutation]
  1447 | D:4      | Gained mutation: Your system is resistant to poisons. (rPois) [potion of mutation]
  1448 | D:4      | :(
  1550 | D:5      | Noticed an ogre
  1564 | D:5      | Killed an ogre
  1564 | D:5      | Reached skill level 5 in Conjurations
  1564 | D:5      | Reached skill level 5 in Fire Magic
  1564 | D:5      | Reached XP level 6. HP: 25/32 MP: 1/11
  1671 | D:5      | Noticed an orc warrior
  1689 | D:5      | Killed an orc warrior
  1813 | D:5      | Found an ornate altar of the Wu Jian Council.
  1937 | D:6      | Found Qutuuna's Assorted Antiques.
  1942 | D:6      | Noticed a two-headed ogre
  1972 | D:6      | Mangled by a two-headed ogre

Vault maps used:
D:1:      dpeg_arrival_morbid_curiosity, serial_forest, infiniplex_forest_pool,
          infiniplex_forest_clump_long, infiniplex_forest_clump_diagonal,
          infiniplex_forest_clump_large, infiniplex_forest_clump_diagonal,
          infiniplex_forest_clump_diagonal, infiniplex_forest_end_2
D:3:      overflow_temple_1_default, makhleb_blood_cavern_becter,
          uniq_crazy_yiuf_cottage, uniq_robin
D:4:      gammafunk_temple_overflow_arena, uniq_natasha
D:5:      lemuel_doored_altar, overflow_temple_1_default,
          minmay_temple_entry_purple_smoke, first_bread, basic_altar
D:6:      lemuel_coloured_pillars_altar, serial_shops, shop_statue,
          nicolae_shop_statue_plus
Temple:   eino_wide_crystal_templ

Skill      XL: |  1  2  3  4  5 |
---------------+----------------+-----
Conjurations   | 2 3 4 5 |  5.5
Fire Magic     | 4 5 |  5.6
Spellcasting   | 3 |  3.2
Dodging        | |  2.1
Stealth        | |  2.0

Action                   |  1- 3 |  4- 6 || total
-------------------------+-------+-------++-------
Melee: War axe           |     2 |       ||     2
       Kick              |     5 |     2 ||     7
       Short sword       |    26 |    12 ||    38
       Peck              |     1 |       ||     1
 Cast: Flame Tongue      |    43 |    76 ||   119
       Sticky Flame      |       |     3 ||     3
       Conjure Flame     |       |     3 ||     3
 Abil: Fly               |       |     1 ||     1
Evoke: Wand              |       |     1 ||     1
  Use: Scroll            |     3 |     1 ||     4
       Potion            |       |     6 ||     6
 Stab: Sleeping          |     1 |       ||     1
  Eat: Chunk             |       |     4 ||     4
       Fruit             |       |     3 ||     3
Armor: Robe              |     9 |    13 ||    22
Dodge: Dodged            |    25 |    36 ||    61

Table legend:
 A = Spawn XP
 B = Non-spawn XP
 C = Spawn XP percentage of total XP
 D = Spawn monster count
 E = Non-spawn monster count
 F = Spawn count percentage of total count
 G = Total turns spent on level
                    A         B        C        D         E        F      G
               +---------+---------+-------+---------+---------+-------+---------
         Total |       0 |     525 |   0.0 |       0 |      64 |   0.0 |  1972
               +---------+---------+-------+---------+---------+-------+---------
           D:1 |       0 |      19 |   0.0 |       0 |      12 |   0.0 |   315
           D:2 |       0 |      75 |   0.0 |       0 |      26 |   0.0 |   473
           D:3 |       0 |      30 |   0.0 |       0 |       4 |   0.0 |   200
           D:4 |       0 |      97 |   0.0 |       0 |      11 |   0.0 |   470
           D:5 |       0 |     301 |   0.0 |       0 |      10 |   0.0 |   402
           D:6 |       0 |       3 |   0.0 |       0 |       1 |   0.0 |    81
               +---------+---------+-------+---------+---------+-------+---------
